 Dungeon Crawl Stone Soup version 0.30.0-5-g1a98f26d00 (webtiles) character file.

Game seed: 14217758857959987031

1 browni3141 the Firebug (level 1, -2/9 HPs)
             Began as a Vine Stalker Fire Elementalist on May 9, 2023.
             Slain by a goblin
             ... wielding a +0 club
              (4 damage)
             ... on level 1 of the Dungeon.
             The game lasted 00:00:12 (54 turns).

browni3141 the Firebug (VSFE)                         Turns: 54, Time: 00:00:12

Health: -2/9       AC:  2    Str: 10    XL:     1   Next: 20%
Magic:  0/4        EV: 12    Int: 15    God:
Gold:   0          SH:  0    Dex: 14    Spells: 3/4 levels left

rFire   . . .        (no weapon)
rCold   . . .        (no shield)
rNeg    . . .        a - +0 robe
rPois   .            (no helmet)
rElec   .            (no cloak)
rCorr   .            (no gloves)
SInv    .            (no boots)
Will    .....        (no amulet)
Stlth   ++           (no ring)
HPRegen 0.21/turn    (no ring)
MPRegen 0.09/turn

%: guardian spirit
@: no status effects
A: fangs 2, magic shield, antimagic bite, no potion heal 2
a: no special abilities


You were on level 1 of the Dungeon.
You visited 1 branch of the dungeon, and saw 1 of its levels.

Inventory:

Armour
 a - a +0 robe (worn)
Scrolls
 n - a scroll of fog {unknown}
Potions
 m - a potion of magic


   Skills:
 + Level 0.3 Fighting
 - Level 1.5 Dodging
 - Level 2.4 Stealth
 - Level 2.1 Spellcasting
 - Level 1.0 Conjurations
 - Level 3.0 Fire Magic


You had 3 spell levels left.
You knew the following spells:

 Your Spells              Type           Power      Damage    Failure   Level
z - Foxfire               Conj/Fire      28%        2x1d5     10%         1

Your spell library contained the following spells:

 Spells                   Type           Power      Damage    Failure   Level
 Scorch                   Fire           20%        2d5       10%         2
 Inner Flame              Hex/Fire       6%         N/A       34%         3
 Volatile Blastmotes      Fire/Tloc      12%        2d11      34%         3
 Flame Wave               Conj/Fire      7%         2d5       67%         4


Dungeon Overview and Level Annotations

Branches:
Dungeon (1/15)

Altars:

Shops:
D:1 :


Innate Abilities, Weirdness & Mutations

You have extremely sharp teeth.
When hurt, damage is shared between your health and your magic reserves.
Your bite disrupts and absorbs the magic of your enemies.
Potions cannot restore your health.


Message History

Welcome, browni3141 the Vine Stalker Fire Elementalist.
Below lies the Orb of Zot, rumoured to be powerful enough to resurrect a god...
Press ? for a list of commands and other information.
Found a staircase leading out of the dungeon.
Setting a skill training target for Polearms at 14.0.
Setting a skill training target for Armour at 7.0.
Setting a skill training target for Shields at 5.0.
Setting a skill training target for Stealth at 2.0.
Setting a skill training target for Spellcasting at 3.0.
Setting a skill training target for Conjurations at 7.0.
Setting a skill training target for Summonings at 16.0.
Setting a skill training target for Necromancy at 10.0.
Setting a skill training target for Fire Magic at 6.0.
Setting a skill training target for Earth Magic at 10.0.
Setting a skill training target for Invocations at 14.0.
Setting a skill training target for Evocations at 10.0.
Setting a skill training target for Throwing at 2.0.
Found Yffaduy's Book Shop.
There is an entrance to Yffaduy's Book Shop here.
n - a scroll labelled HYQIAM JYFFO You open the door.
There is an open door here.
You open the door.
There is an open door here.
An endoplasm comes into view.
An endoplasm is nearby!
A kobold comes into view. It is wielding a +0 dagger.
Found a stone staircase leading down.
The kobold shouts!
The endoplasm quivers.
A goblin comes into view. It is wielding a +0 club.
The endoplasm closely misses you.
You conjure some foxfire!
The foxfire hits the kobold.
The kobold is moderately wounded.
The endoplasm hits you.
You conjure some foxfire!
The endoplasm barely misses you.
You conjure some foxfire!
The foxfire hits the kobold.
You kill the kobold!
The foxfire hits the endoplasm but does no damage. x2
The endoplasm freezes you.
You are frozen.
Training target 2.0 for Stealth reached!
The foxfire hits the endoplasm.
The endoplasm is moderately wounded.
You are out of magic!
The endoplasm attacks as you move away!
The endoplasm hits you but does no damage.
You hit the endoplasm but do no damage. Your bite misses the endoplasm.
The endoplasm is moderately wounded.
The endoplasm barely misses you.
You hit the endoplasm.
You bite the endoplasm, but do no damage.
The endoplasm is heavily wounded.
The endoplasm hits you. The goblin barely misses you.
The goblin attacks as you move away! The goblin hits you with a +0 club.
You hit the endoplasm.
The endoplasm is almost dead.
The endoplasm freezes you.
You are frozen.
* * * LOW HITPOINT WARNING * * *
The goblin hits you with a +0 club.
You die...

##### # ####...####### ..
#..'...'...... ...
#.##...####### ....
#.#..∩.......# ..... #####
#.#....###....
......#..g####.#..#.###.#.#
.........J@................
#>.....)#.####...##.#.#.###
#......##.# #...+..#......
###.... #.# #...######.##.
##... ... ...............
#### #.# ##..#######.###
..# ##.# #.....# .)# .#
#.#8~8#. # #≈≈≈#.


You could see an endoplasm and a goblin.

Vanquished Creatures
  A kobold (D:1)
1 creature vanquished.

Vanquished Creatures (others)
  4 foxfires (D:1)
4 creatures vanquished.

Grand Total: 5 creatures vanquished

Notes
Turn   | Place    | Note
-------+----------+-------------------------------------------
     0 | D:1      | browni3141 the Vine Stalker Fire Elementalist began the
                  | quest for the Orb.
     0 | D:1      | Reached XP level 1. HP: 9/9 MP: 4/4
    11 | D:1      | Found Yffaduy's Book Shop.
    54 | D:1      | Slain by a goblin

Illustrated notes

Levels and vault maps discovered:
D:1:      lightli_arrival_statue_moat, layout_basic,
          ebering_ecumenical_altar_petrified, serial_shops, shop,
          serial_bayou_pond_d

Action                     || total
---------------------------++-------
  Melee: Unarmed           ||     3
         Bite              ||     1
   Cast: Foxfire           ||     3
 Armour: Robe              ||     1
  Dodge: Dodged            ||     4
